 Dungeon Crawl Stone Soup version 0.24.0-124-g2791043dd8 (console) character file.

Game seed: 1132502256926014056, levelgen mode: deterministic

6262 Andrey the Protected (level 10, -4/91 HPs)
             Began as a Minotaur Fighter on Feb 14, 2020.
             Slain by an iguana (5 damage)
             ... on level 9 of the Dungeon on Feb 15, 2020.
             The game lasted 00:35:32 (8755 turns).

Andrey the Protected (Minotaur Fighter)             Turns: 8755, Time: 00:35:33

Health: -4/91      AC: 15    Str: 22    XL:     10   Next: 62%
Magic:  12/12      EV:  5    Int:  7    God:
Gold:   466        SH: 11    Dex: 13    Spells: 9/9 levels left

rFire    . . .     SeeInvis .   a - +5 mace
rCold    + . .     Gourm    .   c - +0 shield
rNeg     . . .     Faith    .   m - +0 plate armour
rPois    .         Spirit   .   (helmet restricted)
rElec    .         Reflect  .   g - +0 cloak
rCorr    .         Harm     .   (no gloves)
MR       .....                  (no boots)
Stlth    ..........             (no amulet)
HPRegen  0.25/turn              N - +3 ring of dexterity
MPRegen  0.13/turn              P - ring of protection from cold

@: no status effects
A: retaliatory headbutt, horns 2
a: no special abilities


You were on level 9 of the Dungeon.
You were very hungry.

You visited 2 branches of the dungeon, and saw 10 of its levels.

You collected 466 gold pieces.

Inventory:

Hand Weapons
 a - a +5 mace (weapon)
 b - the +7 hunting sling of Shrieking Terror {velocity, Int+2}
   (You found it on level 4 of the Dungeon)

   Any stone fired from it inflicts extra damage.
   It affects your intelligence (+2).
 h - a +0 hunting sling
 D - a +3 hand axe of flaming
Missiles
 e - 209 stones (quivered)
 q - 106 bolts
 t - 52 sling bullets
Armour
 c - a +0 shield (worn)
 g - a +0 cloak (worn)
 m - a +0 plate armour (worn)
 B - a +0 scale mail
Jewellery
 G - an uncursed ring of fire
 N - a +3 ring of dexterity (left hand)
 P - a ring of protection from cold (right hand)
 R - an uncursed amulet of regeneration
Wands
 x - a wand of iceblast (26)
 z - a wand of random effects (35)
 F - a wand of paralysis (8)
 H - a wand of digging (6)
 M - a wand of enslavement (13)
 O - a wand of polymorph (9)
Scrolls
 j - 8 scrolls of teleportation
 k - 10 scrolls of identify
 l - 2 scrolls of magic mapping
 o - 2 scrolls of immolation
 A - 4 scrolls of blinking
 E - 3 scrolls of amnesia
 J - a scroll of vulnerability {unknown}
 K - a scroll of random uselessness {unknown}
 L - 2 scrolls of enchant weapon {unknown}
 Q - a scroll of enchant armour {unknown}
Potions
 d - a potion of might
 i - a potion of brilliance
 p - a potion of invisibility {unknown}
 r - 5 potions of flight
 s - a potion of ambrosia {unknown}
 u - 2 potions of haste
 v - 2 potions of cancellation
 w - 2 potions of curing
 C - a potion of lignification {unknown}
Comestibles
 f - 22 rations


   Skills:
 - Level 9.0 Fighting
 - Level 9.0 Maces & Flails
 + Level 6.7 Slings
 * Level 9.1 Armour
 - Level 8.9 Shields
 + Level 4.9 Evocations


You had 9 spell levels left.
You didn't know any spells.
Your spell library contained the following spells:

 Spells                   Type           Power        Failure   Level  Hunger
 Animate Skeleton         Necr           N/A          100%        1    ##.....
 Apportation              Tloc           #.....       100%        1    ##.....
 Confusing Touch          Hex            #.....       100%        1    ##.....
 Freeze                   Ice            #...         100%        1    ##.....
 Summon Small Mammal      Summ           #...         100%        1    ##.....
 Corpse Rot               Necr           N/A          100%        2    ###....
 Sublimation of Blood     Necr           #.........   100%        2    ###....
 Throw Frost              Conj/Ice       #.....       100%        2    ###....
 Ozocubu's Armour         Chrm/Ice       #.......     100%        3    ####...
 Summon Ice Beast         Ice/Summ       #.......     100%        4    #####..
 Throw Icicle             Conj/Ice       #.......     100%        4    #####..
 Agony                    Necr           #.......     100%        5    ######.
 Bolt of Draining         Conj/Necr      #.........   100%        5    ######.
 Dispel Undead            Necr           #.......     100%        5    ######.
 Excruciating Wounds      Chrm/Necr      #.........   100%        5    ######.


Dungeon Overview and Level Annotations

Branches:
Dungeon (9/15)             Temple (1/1) D:5
   Lair: D:8-11         Orc: D:9-12

Altars:
Ashenzari
Cheibriados
Dithmenos
Elyvilon
Fedhas
Gozag
Hepliaklqana
Kikubaaqudgha
Makhleb
Nemelex Xobeh
Okawaru
Qazlal
Ru
Sif Muna
Trog
Uskayaw
Vehumet
Wu Jian
Xom

Shops:
D:6 }

Annotations:
D:9 Grum


Innate Abilities, Weirdness & Mutations

You reflexively headbutt those who attack you in melee.
You have a pair of horns on your head.


Message History

You sock the green ugly thing!
The green ugly thing is almost dead.
The green ugly thing bites you but does no damage.
You block the iguana's attack.
You sock the green ugly thing!
You kill the green ugly thing!
Your Armour skill increases to level 9!
The phantom blinks!
The iguana bites you.
* * * LOW HITPOINT WARNING * * *
You sock the ogre!
You kill the ogre!
The iguana bites you but does no damage.
You block the iguana's attack.
Items here: ) ††† a +0 giant club; an ogre corpse; an ugly thing corpse; a hornet corpse You hit the iguana.
You headbutt the iguana, but do no damage.
The iguana is moderately wounded.
You block the iguana's attack. The iguana bites you.
You die...

#.............#
#.............#
#.............#
#.............####
.........(......#
##hW.........<#
#og..........#
#l#######....# #@#
#....# #l# +....#
#.# #....# ..#
#....# ....
......# .....
.......# #......
........# #......
........# #.......


You could see Grum, a phantom, a wolf, 2 iguanas and an orc.

Vanquished Creatures
  Pikel (D:4)
  An ugly thing (D:9)
  A hornet (D:9)
  Grinder (D:6)
  A wyvern (D:6)
  2 ice beasts
  3 orc warriors
  6 sky beasts
  4 phantoms
  7 ogres
  A necrophage (D:7)
  A centaur (D:6)
  A big kobold (D:7)
  Blork the orc (D:4)
  4 bullfrogs
  A water moccasin zombie (D:8)
  2 scorpions
  4 wights (D:8)
  4 killer bees (D:7)
  A howler monkey (D:5)
  A bullfrog zombie (D:9)
  4 crimson imps
  7 hounds
  A quasit (D:8)
  12 orc wizards
  A centaur skeleton (D:7)
  6 orc priests
  A bullfrog skeleton (D:8)
  5 jellies
  A gnoll shaman (D:7)
  7 worker ants
  A mummy (D:4)
  A howler monkey zombie (D:8)
  Robin (D:3)
  5 gnolls
  15 adders
  2 howler monkey skeletons
  3 shadow imps
  2 oozes
  2 worms
  5 leopard geckos
  45 orcs
  2 ball pythons
  4 bats
  7 giant cockroaches
  8 hobgoblins
  4 jackals
  12 kobolds
  8 quokkas
  6 frilled lizards
  15 goblins
  A hobgoblin zombie (D:4)
  A leopard gecko skeleton (D:5)
  3 orc zombies (D:4)
  15 rats
261 creatures vanquished.

Vanquished Creatures (others)
  A withered plant (D:9)
1 creature vanquished.

Grand Total: 262 creatures vanquished

Notes
Turn   | Place    | Note
-------+----------+-------------------------------------------
     0 | D:1      | Andrey the Minotaur Fighter began the quest for the Orb.
     0 | D:1      | Reached XP level 1. HP: 19/19 MP: 0/0
   144 | D:1      | Reached XP level 2. HP: 26/26 MP: 1/1
   411 | D:1      | Reached XP level 3. HP: 33/33 MP: 2/2
   797 | D:2      | Reached XP level 4. HP: 31/41 MP: 3/3
   925 | D:2      | Found a shadowy altar of Dithmenos.
  1502 | D:3      | Noticed a phantom
  1537 | D:3      | Killed a phantom
  1537 | D:3      | Reached skill level 5 in Maces & Flails
  1537 | D:3      | Reached XP level 5. HP: 20/47 MP: 4/4
  1539 | D:3      | Reached skill level 5 in Fighting
  1754 | D:3      | Found a sacrificial altar of Ru.
  1926 | D:3      | Noticed Robin
  1961 | D:3      | Killed Robin
  1970 | D:3      | Reached XP level 6. HP: 45/56 MP: 5/5
  2069 | D:3      | Found a radiant altar of Vehumet.
  2320 | D:3      | Reached skill level 5 in Armour
  2680 | D:4      | Reached XP level 7. HP: 57/61 MP: 6/6
  2739 | D:4      | Noticed Blork the orc
  2751 | D:4      | Killed Blork the orc
  2751 | D:4      | Reached skill level 5 in Shields
  3253 | D:4      | Noticed Pikel
  3279 | D:4      | Killed Pikel
  3279 | D:4      | Reached XP level 8. HP: 17/71 MP: 7/7
  3743 | D:4      | Got a jewelled hunting sling
  3744 | D:4      | Identified the +7 hunting sling of Shrieking Terror
                  | {velocity, Int+2} (You found it on level 4 of the Dungeon)
  4090 | D:5      | Entered Level 5 of the Dungeon
  4090 | D:5      | Found a stormy altar of Qazlal.
  4151 | D:5      | Reached skill level 1 in Slings
  4194 | D:5      | Found a staircase to the Ecumenical Temple.
  4271 | Temple   | Entered the Ecumenical Temple
  4994 | D:5      | Found a sacrificial altar of Ru.
  5032 | D:5      | Reached XP level 9. HP: 79/79 MP: 8/8
  5350 | D:6      | Noticed Grinder
  5365 | D:6      | Killed Grinder
  5406 | D:6      | Reached skill level 1 in Evocations
  5808 | D:6      | Found Rarr's Gadget Boutique.
  6313 | D:7      | Reached skill level 5 in Slings
  6328 | D:7      | Found a shattered altar of Ashenzari.
  6790 | D:7      | Reached XP level 10. HP: 81/88 MP: 11/11
  7523 | D:8      | Found a sacrificial altar of Ru.
  8582 | D:3      | Found a hide-covered altar of Uskayaw.
  8724 | D:9      | Paralysed by a hornet for 2 turns
  8731 | D:9      | Paralysed by a hornet for 1 turns
  8735 | D:9      | Noticed a green ugly thing
  8736 | D:9      | HP: 4/91 [ogre/+0 giant club (13)]
  8745 | D:9      | HP: 4/91 [iguana (6)]
  8746 | D:9      | Noticed Grum
  8750 | D:9      | HP: 3/91 [iguana (8)]
  8752 | D:9      | Killed a green ugly thing
  8752 | D:9      | HP: 1/91 [iguana (3)]
  8755 | D:9      | Slain by an iguana

Levels and vault maps discovered:
D:1:      evilmike_arrival_run_for_it, layout_loops_ring
D:2:      layout_loops_ring, serial_forest, infiniplex_forest_end_2,
          infiniplex_forest_end_3, infiniplex_forest_lined_3,
          infiniplex_forest_lined_room_, infiniplex_forest_end_2,
          infiniplex_forest_straight_3, nicolae_dithmenos_through_a_glass_darkly
D:3:      layout_rooms, nicolae_overflow_hidden_temple, first_ration,
          grunt_decor_arrowhead, uniq_robin
D:4:      layout_basic, roderic_three_in_a_row, st_stairs_10,
          minmay_mini_ossuary, uniq_pikel, uniq_blork_the_orc
D:5:      layout_basic, grunt_qazlal_clouds, temple_fountains, basic_altar
D:6:      layout_loops_ring, serial_shops, kennysheep_mini,
          portal_sewer_entry_b, uniq_grinder
D:7:      layout_loops_corners, nicolae_ashenzari_panopticon, solitary_fountain
D:8:      layout_gridville, basic_altar, grunt_ogre_cave, minmay_joined_circles
D:9:      layout_irregular_city, grunt_temple_overflow_holy_war, zin_angel,
          gammafunk_ghost_cemetery, uniq_grum
Temple:   minmay_temple_curvy_branch

Skill      XL: |  1  2  3  4  5  6  7  8  9 10 |
---------------+-------------------------------+-----
Maces & Flails | 3 4 5 6 7 8 9 |  9.0
Fighting       | 4 5 6 7 8 9 |  9.0
Armour         | 4 6 7 8 9 |  9.1
Shields        | 4 8 |  8.9
Slings         | 2 5 6 |  6.7
Evocations     | 3 4 |  4.9

Action                   |  1- 3 |  4- 6 |  7- 9 | 10-12 || total
-------------------------+-------+-------+-------+-------++-------
Melee: Flail             |    65 |   213 |   144 |       ||   422
       Headbutt          |    10 |    25 |    54 |    51 ||   140
       Mace              |       |       |   272 |   237 ||   509
  Use: Scroll            |       |       |       |     7 ||     7
       Potion            |       |       |       |     6 ||     6
  Eat: Chunk             |       |     6 |    10 |     6 ||    22
       Ration            |       |       |     1 |       ||     1
Armor: Scale mail        |     2 |       |       |       ||     2
       Plate armour      |    50 |   141 |   148 |   143 ||   482
Dodge: Dodged            |    15 |    29 |    44 |    44 ||   132
Block: Shield            |    36 |   113 |   181 |   160 ||   490
